cohdb
Replays
Latest Replays
All Replays
Popular Replays
Top Player Replays
Match Explorer
How It Works
Community
CoH3 Stats
Reddit
Sign in to upload your games and track your stats! →
Sign in with Steam
Match 40712784
Unlisted
Match 40712784
Overview
Messages
Build Orders
End
Construct Infanterie Kompanie
Kettenkrad Recon Vehicle
Selects Terror Battlegroup
Selects Machine Gun Camouflage
MG 42 Machine Gun Team
MG 42 Machine Gun Team
GrW 34 Mortar Team
Grenadier Squad
Medical Station
Selects Interrogate
Construct Panzergrenadier Kompanie
Support Elements
Kettenkrad Recon Vehicle
Nebelwerfer 42 Rocket Launcher Team
Panzergrenadier Squad
StuG III G Assault Gun
Panzergrenadier Squad
Nebelwerfer 42 Rocket Launcher Team
Panzergrenadier Squad
Panzergrenadier Squad
Construct Luftwaffe Kompanie
Pak 40 Anti-tank Gun Team
Selects Defend the Fatherland
Jäger Squad
Grenadier Squad
Panzergrenadier Squad
Panzergrenadier Squad
Nebelwerfer 42 Rocket Launcher Team
Jäger Squad
Selects King Tiger Heavy Tank
Captain Cook
Ceruman
Hirai Yuzuru
DibbeTC
☩Maxwell☩
Cotory
0
0
Comments
sign in to comment!
No comments posted yet!